 Dungeon Crawl Stone Soup version 0.26.0-16-gc1dbca0489 (webtiles) character file.

Game seed: 14869871900800285085

1172 112233 the Ducker (level 8, -7/85 HPs)
             Began as an Octopode Gladiator on Jan 19, 2021.
             Mangled by Prince Ribbit (12 damage)
             ... on level 6 of the Dungeon.
             The game lasted 00:05:34 (6540 turns).

112233 the Ducker (Octopode Gladiator)              Turns: 6540, Time: 00:05:35

Health: -7/85      AC:  1    Str: 22    XL:     8   Next: 41%
Magic:  8/8        EV: 16    Int: 10    God:
Gold:   269        SH:  0    Dex: 13    Spells: 7/7 levels left

rFire    . . .     SeeInvis .   a - +0 quarterstaff
rCold    . . .     Faith    .   (shield currently unavailable)
rNeg     . . .     Spirit   .   b - +0 hat
rPois    .         Reflect  .   (no amulet)
rElec    .         Harm     .   (no ring)
rCorr    .         Rampage  .   l - +6 ring of strength
Will     .....                  (no ring)
Stlth    ..........             (no ring)
HPRegen  0.24/turn              (no ring)
MPRegen  0.11/turn              (no ring)
                                (no ring)
                                (no ring)

@: berserking, very quick
A: almost no armour, stealthy swim, amphibious, 8 rings, constrict 8, camouflage
1, gelatinous body 1
a: no special abilities


You were on level 6 of the Dungeon.
You visited 1 branch of the dungeon, and saw 6 of its levels.

You collected 269 gold pieces.

Inventory:

Hand Weapons
 a - a +0 quarterstaff (weapon)
Missiles
 c - 3 throwing nets {!f}
 o - 44 poisoned darts (quivered)
Armour
 b - a +0 hat (worn)
Magical Staves
 n - an uncursed staff of cold {unknown}
Jewellery
 d - an uncursed ring of teleportation {@r3}
 l - a +6 ring of strength (right tentacle)
 r - an uncursed ring of positive energy {unknown}
Scrolls
 e - 5 scrolls of remove curse {@r2}
 f - 7 scrolls of identify {@r1}
 h - 2 scrolls of random uselessness {unknown}
 i - 2 scrolls of teleportation {@r3}
 j - 2 scrolls of immolation {unknown}
 k - a scroll of fog {unknown}
 m - a scroll of enchant armour {unknown}
 p - 2 scrolls of noise {unknown}
 t - a scroll of blinking {unknown}
Potions
 g - 3 potions of degeneration
 q - a potion of brilliance
 s - a potion of berserk rage


   Skills:
 + Level 5.9 Fighting
 + Level 6.3 Staves
 - Level 2.0 Throwing
 + Level 6.4 Dodging


You had 7 spell levels left.
You didn't know any spells.
Your spell library contained the following spells:

 Spells                   Type           Power        Failure   Level
 Magic Dart               Conj           0%           36%         1
 Blink                    Tloc           N/A          50%         2
 Call Imp                 Summ           0%           50%         2
 Slow                     Hex            0%           50%         2
 Conjure Flame            Conj/Fire      0%           75%         3
 Mephitic Cloud           Conj/Pois/Air  0%           75%         3


Dungeon Overview and Level Annotations

Branches:
Dungeon (6/15)
 Temple: D:4-7

Altars:
Dithmenos
Hepliaklqana
Nemelex Xobeh
Uskayaw
Yredelemnul
Zin

Shops:
D:5 *

Annotations:
D:5 Duvessa
D:6 Prince Ribbit


Innate Abilities, Weirdness & Mutations

You cannot wear most types of armour.
You are very stealthy in the water. (Stealth+)
You are amphibious.
You can wear up to eight rings at the same time.
You can use your tentacles to constrict eight enemies at once.
Your skin changes colour to match your surroundings (Stealth+).
Your rubbery body absorbs attacks. (AC +1, EV +1)


Message History

A red film seems to cover your vision as you go berserk!
You feel yourself moving faster!
You feel mighty! Prince Ribbit hits you!!
* * * LOW HITPOINT WARNING * * *
Unknown command.
You sock Prince Ribbit! Your grab misses Prince Ribbit.
Prince Ribbit misses you.
You miss Prince Ribbit. Your grab misses Prince Ribbit.
Prince Ribbit catches a butterfly with his tongue.
Prince Ribbit barely misses you.
You hit Prince Ribbit. Your grab misses Prince Ribbit.
Prince Ribbit misses you.
You barely miss Prince Ribbit. Your grab misses Prince Ribbit.
Prince Ribbit completely misses you.
You miss Prince Ribbit. Your grab misses Prince Ribbit.
Your squeeze misses Prince Ribbit.
Prince Ribbit lets out a mournful croak.
Prince Ribbit hits you!!
* * * LOW HITPOINT WARNING * * *
You sock Prince Ribbit! Your grab misses Prince Ribbit. Prince Ribbit hits you!
You die...

#.# #.# #.# #.#
.#. .#+######.#
#...........##.#
#...........##.#
#...........##.#
.....### #.F@.#
#.....###.####
#.........#
#.........#
#.......<.#
#.........#
#<.)......#
#..)......#
######...........


You could see Prince Ribbit.

Vanquished Creatures
  An ice beast (D:5)
  A sky beast (D:5)
  2 ogres
  2 centaurs (D:5)
  A jelly (D:5)
  A hound (D:4)
  4 orc priests (D:3)
  2 iguanas
  5 orc wizards
  2 worker ants
  A hound zombie (D:5)
  A howler monkey skeleton (D:5)
  9 adders
  A shadow imp (D:5)
  An ooze (D:5)
  An adder zombie (D:5)
  A worm (D:2)
  2 dart slugs (D:1)
  3 leopard geckos
  17 orcs
  3 ball pythons
  9 bats
  5 giant cockroaches
  6 goblins
  7 hobgoblins
  15 jackals
  3 quokkas
  7 frilled lizards
  6 kobolds
  A leopard gecko skeleton (D:4)
  5 rats
125 creatures vanquished.

Vanquished Creatures (others)
  A plant (D:5)
1 creature vanquished.

Grand Total: 126 creatures vanquished

Notes
Turn   | Place    | Note
-------+----------+-------------------------------------------
     0 | D:1      | 112233 the Octopode Gladiator began the quest for the Orb.
     0 | D:1      | Reached XP level 1. HP: 14/14 MP: 1/1
   115 | D:1      | Reached XP level 2. HP: 15/19 MP: 2/2
   298 | D:1      | Reached XP level 3. HP: 18/25 MP: 3/3
  1576 | D:2      | Reached XP level 4. HP: 21/30 MP: 4/4
  2111 | D:2      | Found a sparkling altar of Nemelex Xobeh.
  2615 | D:4      | Noticed an ogre
  2618 | D:4      | Reached XP level 5. HP: 34/36 MP: 5/5
  2624 | D:4      | Killed an ogre
  2823 | D:4      | Reached XP level 6. HP: 23/43 MP: 6/6
  3279 | D:5      | Entered Level 5 of the Dungeon
  3413 | D:5      | Noticed an ice beast
  3426 | D:5      | Killed an ice beast
  3430 | D:5      | Found Xuuhosej's Mass Market.
  3538 | D:5      | Reached skill level 5 in Staves
  3538 | D:5      | Reached skill level 5 in Dodging
  3538 | D:5      | Reached XP level 7. HP: 7/49 MP: 7/7
  3823 | D:5      | Found a hide-covered altar of Uskayaw.
  3823 | D:5      | Found a basalt altar of Yredelemnul.
  3824 | D:5      | Found a hazy altar of Hepliaklqana.
  4428 | D:3      | Found a glowing silver altar of Zin.
  4528 | D:3      | Reached skill level 5 in Fighting
  5179 | D:2      | Found a shadowy altar of Dithmenos.
  5336 | D:5      | Reached XP level 8. HP: 49/55 MP: 8/8
  6422 | D:5      | Noticed Duvessa
  6526 | D:6      | Noticed Prince Ribbit
  6539 | D:6      | HP: 4/85 [Prince Ribbit (19)]
  6540 | D:6      | Mangled by Prince Ribbit

Illustrated notes

Levels and vault maps discovered:
D:1:      dpeg_arrival_three_same_balls, layout_basic, minmay_misc_feat_chi
D:2:      lemuel_upstairs_altar, layout_loops_ring, marbit_many_paths,
          kennysheep_generic_room_15
D:3:      layout_basic, lemuel_doored_altar, minmay_misc_feat_square
D:4:      layout_basic
D:5:      gammafunk_steamed_eel, layout_basic,
          gammafunk_temple_overflow_forgotten, minmay_shop_mass,
          palyth_stone_intersect, uniq_duvessa
D:6:      layout_basic, minmay_temple_entry_wispy, gammafunk_ghost_necromancy,
          portal_sewer_entry_f, uniq_grinder, uniq_crazy_yiuf_cottage,
          uniq_prince_ribbit1, uniq_sigmund

Skill      XL: |  1  2  3  4  5  6  7  8 |
---------------+-------------------------+-----
Fighting       | 3 4 5 |  5.9
Staves         | 4 5 6 |  6.3
Dodging        | 4 5 6 |  6.4
Throwing       | |  2.0

Action                   |  1- 3 |  4- 6 |  7- 9 || total
-------------------------+-------+-------+-------++-------
Melee: Quarterstaff      |    72 |    62 |   159 ||   293
       Constrict         |    13 |    11 |    34 ||    58
       Tentacles         |    10 |    12 |    29 ||    51
Throw: Dart              |       |    19 |     2 ||    21
  Use: Potion            |       |     7 |     3 ||    10
       Scroll            |       |       |     4 ||     4
 Stab: Sleeping          |     4 |     3 |     3 ||    10
Armor: Skin              |     3 |     4 |     5 ||    12
Dodge: Dodged            |    42 |    44 |   104 ||   190
